 Dungeon Crawl Stone Soup version 0.19-a0-607-g42021f0 (webtiles) character file.

135597 Leszczynek the Bludgeoner (level 17, -10/182 HPs)
             Began as an Ogre Artificer on June 10, 2016.
             Was a High Priest of Okawaru.
             Hit by a large rock thrown by Polyphemus (33 damage)
             ... on level 2 of the Shoals on June 12, 2016.
             The game lasted 03:01:37 (48440 turns).

Leszczynek the Bludgeoner (Ogre Artificer)         Turns: 48440, Time: 03:01:38

Health: -10/182    AC:  9    Str: 21    XL:     17   Next: 19%
Magic:  0/26       EV: 20    Int: 10    God:    Okawaru [*****.]
Gold:   1067       SH:  0    Dex: 15    Spells: 1 memorised, 27 levels left

rFire  . . .     SeeInvis .     a - +5 giant spiked club
rCold  . . .     Gourm    .     O - +2 robe {MR+}
rNeg   + . .     Faith    .     (shield currently unavailable)
rPois  +         Spirit   +     (helmet restricted)
rElec  +         Dismiss  .     I - +2 cloak {MR+}
rCorr  .         Reflect  .     (gloves unavailable)
SustAt .         Harm     .     (boots unavailable)
MR     +++..                    S - amulet of guardian spirit
Stlth  +++.......               x - ring of the Moon {rElec rN+}
                                E - ring of poison resistance

@: about to teleport, heroism, finesse, extremely resistant to hostile
enchantments, fairly stealthy
A: unfitting armour, mutation resistance 1, tough skin 1
a: Heroism, Finesse, Renounce Religion


You were on level 2 of the Shoals.
You worshipped Okawaru.
Okawaru was extremely pleased with you.
You were not hungry.

You visited 6 branches of the dungeon, and saw 28 of its levels.
You also visited: Sewer and Ossuary.

You collected 2365 gold pieces.
You spent 1298 gold pieces at shops.

Inventory:

Hand Weapons
 a - a +5 giant spiked club (weapon)
 b - a +0 blowgun
Missiles
 h - 33 large rocks (quivered)
 t - 3 silver javelins
 u - 7 javelins of returning
 w - 18 needles of confusion
 z - 20 curare-tipped needles
 C - 12 javelins of penetration
 J - 12 poisoned javelins
 N - 5 throwing nets
 P - 41 tomahawks
 V - 12 javelins
Armour
 I - a +2 cloak of magic resistance (worn)
 O - a +2 robe of magic resistance (worn)
Jewellery
 x - the ring of the Moon (right hand) {rElec rN+}
   (You bought it in a shop on level 2 of the Orcish Mines)

   [ring of positive energy]

   It insulates you from electricity.
   It protects you from negative energy.
 E - a ring of poison resistance (left hand)
 F - an uncursed ring of protection from fire
 G - an uncursed ring of resist corrosion
 S - an amulet of guardian spirit (around neck)
Wands
 d - a wand of enslavement (12/24)
 j - a wand of teleportation (9/9)
 y - a wand of confusion (10/48)
 A - a wand of digging (20/24)
 Q - a wand of disintegration (13/24)
Scrolls
 c - a scroll of fog
 e - a scroll of enchant armour
 i - 11 scrolls of remove curse
 n - 8 scrolls of identify
 q - 2 scrolls of summoning
 v - 4 scrolls of magic mapping
 L - a scroll of recharging
 M - a scroll of teleportation
 R - 2 scrolls of holy word
 T - 3 scrolls of silence
Potions
 k - a potion of cure mutation
 l - 3 potions of ambrosia
 p - 9 potions of curing
 r - 5 potions of flight
 s - a potion of cancellation
 B - 6 potions of might
 H - 2 potions of agility
 U - a potion of haste
 Y - 2 potions of magic
Miscellaneous
 g - a phial of floods
 W - a fan of gales (inert)
Comestibles
 f - 19 bread rations
 m - 13 meat rations


   Skills:
 + Level 14.4(19.4) Fighting
   Level 0.5(5.5) Short Blades
 + Level 19.3(24.3) Maces & Flails
 + Level 14.4(19.4) Throwing
 - Level 6.2(11.2) Armour
 - Level 10.5(15.5) Dodging
 - Level 2.0(7.0) Stealth
 - Level 6.4 Spellcasting
 - Level 6.8 Invocations
 - Level 8.0 Evocations


You had 27 spell levels left.
You knew the following spells:

 Your Spells              Type           Power        Failure   Level  Hunger
a - Summon Butterflies    Summ           #.......     21%         1    None


Dungeon Overview and Level Annotations

Branches:
Dungeon (15/15)            Temple (1/1) D:5            Lair (6/6) D:9
 Shoals (3/4) Lair:2       Spider (1/4) Lair:2        Slime (0/5) Lair:6
    Orc (2/2) D:9             Elf (0/3) Orc:2        Vaults (0/5) D:14
 Depths (0/5) D:15

Altars:
Ashenzari
Cheibriados
Elyvilon
Fedhas
Gozag
Hepliaklqana
Kikubaaqudgha
Makhleb
Nemelex Xobeh
Okawaru
Pakellas
Qazlal
Ru
Sif Muna
Trog
Uskayaw
Vehumet
Xom
Yredelemnul
Zin
The Shining One
Beogh
Jiyva

Shops:
D:8 [   D:10 (   Orc:2 =[((?   Shoals:2 (

Annotations:
D:3 exclusion: downstairs
D:4 exclusions: statue and 3 more exclusions, Sigmund
D:10 unseen horror roaming
Shoals:1 kraken roaming
Shoals:2 kraken, aquamancer roaming, Polyphemus
Orc:2 Maud


Innate Abilities, Weirdness & Mutations

You are too large for most types of armour.
You have tough skin. (AC +1)
You are somewhat resistant to further mutation.


Message History

Unknown command.
Polyphemus hits you!!
* * * LOW HITPOINT WARNING * * *
Polyphemus completely misses you.
You see here a large rock.
Unknown command.
You feel much better. Polyphemus hits you!!
* * * LOW HITPOINT WARNING * * *
Polyphemus completely misses you.
Unknown command.
You feel much better. Polyphemus misses you. Polyphemus hits you!
* * * LOW HITPOINT WARNING * * *
Unknown command.
Evoke which item? (* to show all) (? for menu, Esc to quit)
A fierce wind blows from the fan.
Unknown command.
As you read the scroll of teleportation, it crumbles to dust.
You feel strangely unstable.
Polyphemus throws a large rock.
The large rock hits you!!
You die...

≈≈≈≈.≈≈≈≈...........≈≈≈≈≈..≈≈≈≈≈≈
≈≈..≈.≈≈≈≈<≈..#####.≈≈≈≈≈≈≈≈...≈≈
≈≈≈≈≈≈≈≈≈≈...###....≈≈≈≈≈≈≈≈..#PP
≈≈≈≈≈≈≈≈≈≈..## #.((.≈≈≈≈≈.....###
≈≈≈≈≈≈≈≈.≈≈.## #....≈≈≈≈≈....P# #
≈≈≈.≈≈≈≈≈≈≈..# #§§§§≈≈≈≈≈..P..# #
≈≈≈≈≈≈≈≈≈≈≈..# #§§§§≈≈≈≈≈.....##.
≈≈≈≈≈≈≈≈≈≈..## #(..≈§≈≈≈......##P
≈≈≈≈≈...≈≈..## #@.§§≈≈≈.....P.##P
≈≈≈≈≈≈..≈≈...###..≈≈§≈.≈......###
≈≈≈≈≈≈≈≈≈≈≈..#.(§§§§≈≈≈≈≈.....##.
≈≈≈≈≈≈≈....§C≈§§≈≈∩≈≈..PPP.P.
≈≈≈≈≈≈≈≈.≈≈≈≈≈≈≈≈≈≈≈≈..P.P...
≈≈≈≈≈≈≈≈≈≈≈≈≈≈≈≈≈≈≈≈≈≈.....[.
≈≈≈≈≈≈≈≈≈≈(≈≈≈≈≈≈≈≈≈≈≈.....#.
≈≈≈≈≈≈≈≈≈≈≈≈≈≈≈≈≈≈≈≈≈≈≈......
≈≈≈≈≈≈≈≈≈≈≈≈≈≈≈≈≈≈.≈≈≈≈≈?≈≈≈≈


You could see Polyphemus.

Vanquished Creatures
  Snorg (Lair:3)
  A merfolk javelineer (Shoals:2)
  3 merfolk impalers
  The ghost of Shenda the Envoy of Void, a journeyman DsAK of Lugonu (D:14)
  Josephine (Shoals:1)
  2 catoblepae
  The ghost of Zebura the Fighter, a journeyman VSFi of Gozag (Lair:6)
  7 hydras
  3 centaur warriors
  3 merfolk avatars
  2 merfolk aquamancers
  A dancing weapon (D:14)
  A death knight (D:14)
  8 death yaks
  A deep troll shaman (Lair:6)
  A tengu warrior (D:13)
  A queen ant (Lair:3)
  Urug (Orc:1)
  3 orc high priests
  Sonja (D:15)
  6 sea snakes
  A fire crab (D:14)
  8 skeletal warriors
  A sea snake (shapeshifter) (D:14)
  5 unseen horrors
  A wizard (D:15)
  4 hill giants
  A deep elf archer (D:13)
  A phantasmal warrior (D:14)
  4 harpies (Shoals:2)
  2 orc sorcerers
  3 orc knights
  Pikel (D:7)
  A wolf spider (Lair:2)
  6 cyclopes
  2 ugly things (D:12)
  A necromancer (D:15)
  2 deep elf magi
  8 griffons
  6 fauns (Shoals:1)
  3 manticores
  Maurice (D:9)
  6 sirens
  15 elephants
  2 octopodes (shapeshifter)
  A naga mage (D:15)
  8 black mambas
  3 water nymphs
  Psyche (D:12)
  2 gargoyles
  13 spiny frogs
  8 komodo dragons
  A freezing wraith (D:15)
  A tengu conjurer (D:14)
  A jumping spider (Lair:2)
  22 merfolk
  3 wind drakes
  6 trolls
  The ghost of murphy the Cutter, an amateur DsCK of Xom (Sewer)
  2 polar bears
  2 two-headed ogres
  9 blink frogs
  A boulder beetle (shapeshifter) (D:13)
  7 slime creatures
  2 snapping turtles (Shoals:1)
  A spriggan (D:9)
  A shadow (D:15)
  9 wraiths
  6 water elementals
  A basilisk (Lair:2)
  62 yaks
  5 wyverns
  9 hippogriffs
  3 hungry ghosts
  7 vampire mosquitoes (D:15)
  2 mottled dragons (D:15)
  5 wargs
  22 soldier ants
  13 water moccasins
  17 giant frogs
  11 porcupines
  Duvessa (D:6)
  3 sky beasts
  2 black bears
  A gnoll sergeant (D:7)
  A slave (D:7)
  An ice beast (D:9)
  2 wasps
  2 necrophages
  36 orc warriors
  2 phantoms (D:4)
  An eye of draining (D:12)
  12 ogres
  5 wolves (Lair:6)
  13 centaurs
  13 crocodiles
  3 big kobolds
  2 water moccasin zombies
  A wyvern skeleton (D:14)
  3 scorpions
  Dowan (D:6)
  A water moccasin skeleton (D:11)
  13 killer bees
  4 wights (D:14)
  4 howler monkeys
  11 crimson imps
  7 centaur zombies
  7 hounds
  5 jellies
  2 quasits
  3 giant frog zombies
  35 orc priests
  5 centaur skeletons
  37 orc wizards
  11 mummies (Ossuary)
  7 iguanas
  26 worker ants
  18 sheep
  A hound skeleton (D:4)
  3 worker ant zombies
  A howler monkey zombie (Ossuary)
  9 gnolls
  21 adders
  54 river rats
  5 shadow imps
  2 oozes
  3 adder zombies
  6 adder skeletons
  4 worms
  3 dart slugs
  6 giant geckos
  107 orcs
  4 ball pythons
  8 bats
  9 giant cockroaches
  4 goblins
  6 hobgoblins
  16 jackals
  6 quokkas
  2 giant cockroach zombies (Ossuary)
  A giant gecko skeleton (D:6)
  A giant gecko zombie (D:6)
  6 giant newts
  2 gnoll zombies (D:6)
  2 goblin zombies (D:8)
  5 hobgoblin zombies (D:5)
  3 jackal zombies
  29 kobolds
  4 kobold skeletons (D:5)
  An orc skeleton (D:5)
  A quokka skeleton (D:7)
  4 quokka zombies (Ossuary)
  22 rats
  4 plants
1068 creatures vanquished.

Vanquished Creatures (collateral kills)
  A hydra (Lair:6)
  A giant frog (Lair:2)
  2 adders (Lair:2)
  A plant (Lair:2)
5 creatures vanquished.

Vanquished Creatures (others)
  The ghost of Canard the Destroyer, a journeyman OpCj of Sif Muna (D:8)
  An unseen horror (D:15)
  A wizard (D:15)
  3 slaves (D:7)
  A giant frog (D:8)
  A crimson imp (D:7)
  2 gnolls (D:7)
  A jackal (D:7)
  3 fulminant prisms (D:8)
  7 fungi
  17 plants
  4 tentacles (Shoals:1)
  102 tentacle segments (Shoals:1)
  A withered plant (Ossuary)
145 creatures vanquished.

Grand Total: 1218 creatures vanquished

Notes
Turn   | Place    | Note
--------------------------------------------------------------
     0 | D:1      | Leszczynek the Ogre Artificer began the quest for the Orb.
     0 | D:1      | Reached XP level 1. HP: 19/19 MP: 2/2
   288 | D:1      | Reached skill level 1 in Maces & Flails
   288 | D:1      | Reached XP level 2. HP: 19/28 MP: 3/3
   782 | D:1      | Reached skill level 1 in Stealth
  1055 | D:1      | Reached XP level 3. HP: 36/36 MP: 4/4
  1823 | D:2      | Reached skill level 2 in Maces & Flails
  2466 | D:2      | Reached XP level 4. HP: 39/45 MP: 5/5
  2696 | D:3      | Reached skill level 3 in Maces & Flails
  3033 | D:3      | Found a sacrificial altar of Ru.
  3052 | D:3      | Reached skill level 4 in Maces & Flails
  3430 | D:3      | Reached XP level 5. HP: 51/53 MP: 6/6
  3786 | D:4      | Found a radiant altar of Vehumet.
  3786 | D:4      | Noticed a charred statue
  3896 | D:4      | Noticed Sigmund
  4021 | D:4      | Noticed an ogre
  4037 | D:4      | Killed an ogre
  4037 | D:4      | Reached skill level 5 in Maces & Flails
  4316 | D:4      | Found a shattered altar of Ashenzari.
  4381 | D:4      | Reached skill level 6 in Maces & Flails
  4381 | D:4      | Reached XP level 6. HP: 38/61 MP: 7/7
  4519 | D:4      | Found an opulent altar of Gozag.
  4608 | D:4      | Noticed a phantom
  4625 | D:4      | Killed a phantom
  4625 | D:4      | Reached skill level 7 in Maces & Flails
  4730 | D:4      | Noticed a phantom
  4735 | D:4      | Killed a phantom
  4735 | D:4      | Reached skill level 8 in Maces & Flails
  4735 | D:4      | Reached XP level 7. HP: 61/67 MP: 8/8
  4905 | D:5      | Entered Level 5 of the Dungeon
  4923 | D:5      | Found a glowing drain.
  4935 | Sewer    | Entered a sewer
  4938 | Sewer    | Noticed murphy's ghost (amateur DsCK)
  4939 | Sewer    | god damn it murphy what are you doing
  4989 | Sewer    | Killed murphy's ghost
  4989 | Sewer    | Reached skill level 9 in Maces & Flails
  5403 | Sewer    | Reached skill level 10 in Maces & Flails
  5718 | Sewer    | Reached skill level 1 in Throwing
  5718 | Sewer    | Reached XP level 8. HP: 73/75 MP: 9/9
  6349 | D:5      | Found a hide-covered altar of Uskayaw.
  6883 | D:5      | Found a staircase to the Ecumenical Temple.
  6892 | Temple   | Entered the Ecumenical Temple
  6928 | Temple   | Became a worshipper of Warmaster Okawaru
  6966 | D:5      | Found a glowing golden altar of the Shining One.
  7382 | D:5      | Found a snail-covered altar of Cheibriados.
  7475 | D:6      | Reached skill level 11 in Maces & Flails
  7654 | D:6      | Noticed Duvessa
  7654 | D:6      | Noticed Dowan
  7972 | D:6      | Got a faintly glowing quarterstaff
  7973 | D:6      | Identified the cursed +1 quarterstaff "Xeirphonam" {crush, rPois Dex+4} (You found it on level 6 of the Dungeon)
  7996 | D:6      | Reached * piety under Okawaru
  8269 | D:6      | Found a basalt altar of Yredelemnul.
  8342 | D:6      | Killed Dowan
  8353 | D:6      | Killed Duvessa
  8353 | D:6      | Reached XP level 9. HP: 35/81 MP: 7/10
  8523 | D:6      | Upgraded the game from 0.19-a0-593-gf2cdb02 to 0.19-a0-599-g723c685
  8553 | D:6      | Reached skill level 12 in Maces & Flails
  9136 | D:7      | Found an oddly glowing altar of Pakellas.
  9138 | D:7      | Found a glowing silver altar of Zin.
  9230 | D:7      | Found a sparkling altar of Nemelex Xobeh.
  9566 | D:7      | Noticed Pikel
  9584 | D:7      | Killed Pikel
  9584 | D:7      | Reached ** piety under Okawaru
  9584 | D:7      | Reached skill level 5 in Throwing
  9604 | D:7      | Reached skill level 13 in Maces & Flails
 10293 | D:7      | Learned a level 1 spell: Summon Butterflies
 10842 | D:7      | Reached XP level 10. HP: 83/91 MP: 11/11
 11601 | D:8      | Reached skill level 14 in Maces & Flails
 11658 | D:8      | Found a sand-covered staircase.
 11687 | Ossuary  | Entered an ossuary
 12078 | Ossuary  | Reached *** piety under Okawaru
 12151 | D:8      | Found Huiho's Armour Emporium.
 12214 | D:8      | Noticed Canard's ghost (journeyman OpCj)
 12246 | D:8      | Killed Canard's ghost
 12246 | D:8      | HP: 5/94 [fulminant prism[Canard's ghost] (25)]
 12716 | D:8      | Reached skill level 5 in Fighting
 12754 | D:8      | Found a bloodstained altar of Trog.
 12979 | D:8      | Reached skill level 5 in Dodging
 13291 | D:9      | Found a staircase to the Orcish Mines.
 13451 | D:9      | Received a gift from Okawaru
 13844 | D:9      | Found an ancient bone altar of Kikubaaqudgha.
 14020 | D:9      | Found a burning altar of Makhleb.
 14082 | D:9      | Noticed Maurice
 14147 | D:9      | Killed Maurice
 14147 | D:9      | Reached skill level 15 in Maces & Flails
 14168 | D:9      | Found a staircase to the Lair.
 14354 | D:10     | Entered Level 10 of the Dungeon
 14461 | D:10     | Reached XP level 11. HP: 98/107 MP: 10/12
 14613 | D:10     | Found Vofyoce's Antique Weapon Shoppe.
 14689 | D:10     | Noticed a hill giant
 14709 | D:10     | Killed a hill giant
 14709 | D:10     | Reached **** piety under Okawaru
 15251 | Lair:1   | Entered Level 1 of the Lair of Beasts
 15256 | Lair:1   | Reached skill level 1 in Invocations
 15257 | Lair:1   | Noticed a five-headed hydra
 15475 | D:9      | black mamba and a hydra at the very beginning
 15475 | D:9      | this will be fun
 15505 | Orc:1    | Entered Level 1 of the Orcish Mines
 15505 | Orc:1    | Noticed an orc knight
 15506 | Orc:1    | the fuck is this shit
 15508 | D:9      | well, that rules out orc
 15508 | D:9      | so, uh, let's fight that hydra!
 15554 | Lair:1   | Killed a five-headed hydra
 15671 | Lair:1   | Reached XP level 12. HP: 107/118 MP: 13/18
 15849 | Lair:1   | Received a gift from Okawaru
 15922 | Lair:1   | Gained mutation: You are somewhat resistant to further mutation. [potion of beneficial mutation]
 16033 | Lair:1   | Reached skill level 5 in Invocations
 16055 | Lair:1   | Noticed a five-headed hydra
 16224 | Lair:1   | Killed a five-headed hydra
 16256 | Lair:1   | Reached ***** piety under Okawaru
 16273 | Lair:1   | Received a gift from Okawaru
 16937 | Lair:2   | Found a staircase to the Shoals.
 16950 | Lair:2   | Received a gift from Okawaru
 17727 | Lair:2   | Reached XP level 13. HP: 62/127 MP: 8/19
 18064 | Lair:2   | Found a hole to the Spider Nest.
 18208 | Lair:2   | Received a gift from Okawaru
 18714 | Lair:3   | Noticed Snorg
 18788 | Lair:3   | Killed Snorg
 19318 | Lair:3   | Reached skill level 10 in Throwing
 19571 | Lair:3   | Received a gift from Okawaru
 21466 | Lair:4   | Received a gift from Okawaru
 21718 | Lair:4   | Reached skill level 10 in Fighting
 22031 | Lair:5   | Received a gift from Okawaru
 22063 | Lair:5   | Reached skill level 1 in Spellcasting
 22871 | Lair:5   | Received a gift from Okawaru
 22871 | Lair:5   | Reached XP level 14. HP: 106/143 MP: 11/20
 23395 | Lair:6   | Entered Level 6 of the Lair of Beasts
 23542 | Lair:6   | Noticed Zebura's ghost (journeyman VSFi)
 24312 | Lair:6   | Received a gift from Okawaru
 24316 | Lair:6   | Reached skill level 1 in Armour
 24515 | Lair:6   | Killed Zebura's ghost
 24826 | Lair:6   | Found an opulent altar of Gozag.
 25220 | Lair:6   | Reached skill level 5 in Spellcasting
 25630 | Lair:6   | Found a viscous altar of Jiyva.
 25630 | Lair:6   | Found a staircase to the Slime Pits.
 26140 | Lair:6   | Received a gift from Okawaru
 26532 | Lair:6   | Received a gift from Okawaru
 26608 | Lair:6   | Received a gift from Okawaru
 28124 | Orc:1    | Received a gift from Okawaru
 28836 | Orc:1    | Found a roughly hewn altar of Beogh.
 28952 | Orc:2    | Entered Level 2 of the Orcish Mines
 28966 | Orc:2    | Found a roughly hewn altar of Beogh.
 29563 | Orc:2    | Found a roughly hewn altar of Beogh.
 29603 | Orc:2    | Found Tamnayt's Jewellery Shop.
 29640 | Orc:2    | Reached XP level 15. HP: 67/156 MP: 9/24
 30133 | Orc:2    | Found Etuob's Magic Scroll Emporium.
 30170 | Orc:1    | Reached skill level 16 in Maces & Flails
 30176 | Orc:1    | Found a roughly hewn altar of Beogh.
 30176 | Orc:1    | Noticed Urug
 30214 | Orc:1    | Killed Urug
 30397 | Orc:2    | Found a roughly hewn altar of Beogh.
 30414 | Orc:2    | Found a roughly hewn altar of Beogh.
 30447 | Orc:2    | Found a staircase to the Elven Halls.
 30537 | Orc:2    | Found a roughly hewn altar of Beogh.
 30553 | Orc:2    | Found Vinues Rouh's Antique Weapon Shop.
 30632 | Orc:2    | Found a roughly hewn altar of Beogh.
 30831 | Orc:1    | Reached skill level 5 in Armour
 31007 | Orc:2    | Found a roughly hewn altar of Beogh.
 31052 | Orc:2    | Noticed Maud
 31226 | Orc:2    | Noticed an orc warlord
 31846 | Orc:2    | Found Qeulaf's Antique Armour Shoppe.
 31847 | Orc:2    | Found a roughly hewn altar of Beogh.
 31850 | Orc:2    | Found Ririsepp's Antique Weapon Emporium.
 31923 | Orc:2    | Bought a scroll of enchant weapon for 97 gold pieces
 31923 | Orc:2    | Bought a scroll of identify for 26 gold pieces
 31923 | Orc:2    | Bought a scroll of identify for 26 gold pieces
 31923 | Orc:2    | Bought a scroll of teleportation for 39 gold pieces
 31993 | Orc:2    | Bought the ring of the Moon {rElec rN+} for 510 gold pieces
 31993 | Orc:2    | Bought an uncursed ring of poison resistance for 300 gold pieces
 31993 | Orc:2    | Bought an uncursed ring of resist corrosion for 300 gold pieces
 32545 | D:11     | Received a gift from Okawaru
 34585 | D:12     | Received a gift from Okawaru
 35038 | D:12     | Noticed Psyche
 35044 | D:12     | Killed Psyche
 35044 | D:12     | Reached skill level 17 in Maces & Flails
 35656 | D:13     | Received a gift from Okawaru
 35668 | D:13     | Got a crystal quick blade {god gift}
 35669 | D:13     | Identified the +7 quick blade "Tourphei" {holy, Dex+4} (Okawaru gifted it to you on level 13 of the Dungeon)
 37224 | D:14     | Noticed Shenda's ghost (journeyman DsAK)
 37229 | D:14     | Killed Shenda's ghost
 37610 | D:14     | Found a glowing silver altar of Zin.
 37979 | D:14     | Received a gift from Okawaru
 37979 | D:14     | Reached skill level 18 in Maces & Flails
 39068 | D:13     | Reached XP level 16. HP: 146/166 MP: 22/25
 39454 | D:14     | Found a gate to the Vaults.
 39830 | D:15     | Entered Level 15 of the Dungeon
 39896 | D:15     | Noticed Sonja
 39987 | D:15     | Killed Sonja
 39987 | D:15     | Received a gift from Okawaru
 41303 | D:15     | Reached skill level 19 in Maces & Flails
 41514 | D:15     | Found a staircase to the Depths.
 41817 | Spider:1 | Entered Level 1 of the Spider Nest
 42150 | Lair:2   | Upgraded the game from 0.19-a0-599-g723c685 to 0.19-a0-607-g42021f0
 42275 | Shoals:1 | Entered Level 1 of the Shoals
 42316 | Lair:2   | i have problems with normal merfolk
 42316 | Lair:2   | this is hopeless
 42828 | Shoals:1 | Noticed a kraken
 43912 | Shoals:1 | Noticed Josephine
 43925 | Shoals:1 | Killed Josephine
 44472 | Shoals:2 | Noticed Polyphemus
 44971 | Shoals:1 | Received a gift from Okawaru
 46041 | Shoals:2 | Reached skill level 10 in Dodging
 46433 | Shoals:2 | Reached XP level 17. HP: 75/180 MP: 9/26
 46973 | Shoals:2 | Found Qityb's Antique Weapon Shoppe.
 46987 | Shoals:2 | Noticed a kraken
 48437 | Shoals:2 | HP: 14/182 [Polyphemus (30)]
 48440 | Shoals:2 | Hit by a large rock thrown by Polyphemus

Vault maps used:
D:1:      dpeg_chamrin_arrival_tetris, minivault_19
D:2:      first_bread, minivault_5, corexii_hall_statues_u, hex_tiny
D:3:      nicolae_ru_great_annihilating_truth
D:4:      vehumet_statue, cheibrodos_ashenzari_chains,
          nicolae_gozag_seed_capital, hangedman_abyss_or_decor_stagger,
          uniq_sigmund
D:5:      cheibriados_altar_1, nicolae_tso_besieged_by_evil,
          nicolae_overflow_crystal_walls, minmay_temple_entry_water_ring,
          portal_sewer_entry_d
D:6:      lemuel_zombie_altar_yredelemnul, kennysheep_mini, uniq_duvessa
D:7:      grunt_temple_overflow_open, kennysheep_mini_moat, uniq_pikel
D:8:      bloody_trog, serial_shops, nicolae_shop_behind_doors, enter_ossuary_4
D:9:      makhleb_grotto_becter, lemuel_doored_altar, lair_0_dummy, david_orc_2,
          the_bakery, minmay_misc_feat_roman, uniq_maurice
D:10:     serial_shops, shop
D:12:     uniq_psyche
D:13:     minmay_pinched_square
D:14:     erik_vaults_1, basic_altar, grunt_decor_arrowhead
D:15:     grunt_enter_depths_magical_seal, minmay_misc_feat_secret_circle,
          uniq_sonja
Temple:   temple_island_7
Lair:1:   lemuel_fruit_tree, grunt_megastairs_1, lemuel_fruit_fields
Lair:2:   minmay_lair_venomous_thicket, minmay_shoals_entry_lonely_mermaid,
          spider_nest_entry_web_field, grunt_forest_small_clearings,
          beast_lair_carwin_6
Lair:3:   minivault_29, uniq_snorg
Lair:5:   lemuel_fruit_fields
Lair:6:   grunt_lair_end_beastmaster, dpeg_slime_entry_enclosed_altar,
          basic_altar
Shoals:1: uniq_josephine
Shoals:2: serial_shops, nicolae_shop_waterfront, uniq_polyphemus
Spider:1: portal_ice_cave_entry_dragon, hangedman_spider_trapstep
Orc:1:    basic_altar, lemuel_statue_altar, uniq_urug
Orc:2:    grunt_orc_community_town_hall, grunt_orc_community_big_house_1,
          grunt_orc_community_big_house_2, grunt_orc_community_house_1,
          grunt_orc_community_house_2, grunt_orc_community_house_2,
          grunt_orc_community_house_2, grunt_orc_community_house_1,
          grunt_orc_community_house_3, basic_altar, special_room, serial_shops,
          shop_statue, uniq_maud
Sewer:    sewer_minmay_treatment
Ossuary:  ossuary_zaba_flooded

Skill      XL: |  1  2  3  4  5  6  7  8  9 10 11 12 13 14 15 16 |
---------------+-------------------------------------------------+-----
Fighting       | 2 3 6 7 8 10 12 14 | 14.4
Maces & Flails | 1 2 4 6 8 10 11 13 15 18 19 | 19.3
Stealth        | 1 2 |  2.0
Throwing       | 1 4 5 6 7 8 11 12 14 | 14.4
Dodging        | 3 4 5 6 8 9 10 | 10.5
Invocations    | 3 6 |  6.8
Evocations     | 8 |  8.0
Spellcasting   | 2 6 |  6.4
Armour         | 4 6 |  6.2
Short Blades   | |  0.5

Action                   |  1- 3 |  4- 6 |  7- 9 | 10-12 | 13-15 | 16-18 || total
-------------------------+-------+-------+-------+-------+-------+-------++-------
Melee: Short sword       |   157 |    15 |       |       |       |       ||   172
       Mace              |       |    65 |       |       |       |       ||    65
       Giant club        |       |    16 |   502 |   674 |   833 |       ||  2025
       Whip              |       |       |       |    11 |       |       ||    11
       Giant spiked club |       |       |       |       |   839 |   573 ||  1412
 Fire: Hunting sling     |       |       |    17 |     9 |    18 |       ||    44
       Blowgun           |       |       |     7 |    11 |       |       ||    18
Throw: Stone             |    88 |    55 |       |       |       |       ||   143
       Tomahawk          |       |       |       |       |    76 |    55 ||   131
       Large rock        |       |       |       |       |    10 |    51 ||    61
       Javelin           |       |       |       |       |     7 |    23 ||    30
       Throwing net      |       |       |       |       |       |     2 ||     2
Invok: Heroism           |       |       |     1 |    14 |    40 |    16 ||    71
       Finesse           |       |       |       |       |     4 |     3 ||     7
Evoke: Wand              |     2 |     6 |    13 |    20 |     2 |     1 ||    44
       Fan of gales      |       |       |       |       |     1 |     1 ||     2
  Use: Scroll            |       |     7 |     6 |    26 |    13 |     8 ||    60
       Potion            |       |       |     5 |     6 |     2 |     7 ||    20
 Stab: Sleeping          |       |     2 |     4 |     1 |     8 |       ||    15
       Paralysed         |       |     2 |       |       |       |       ||     2
       Confused          |       |     1 |       |       |       |       ||     1
       Distracted        |       |       |       |     1 |     4 |     1 ||     6
       Held in net/web   |       |       |       |       |     1 |       ||     1
  Eat: Chunk             |     3 |    16 |    21 |    19 |    59 |    13 ||   131
       Beef jerky        |     1 |       |       |     2 |     1 |     1 ||     5
       Fruit             |       |       |       |     2 |     7 |    22 ||    31
       Royal jelly       |       |       |       |     2 |     1 |     1 ||     4
       Pizza             |       |       |       |       |     1 |       ||     1
Armor: Robe              |    42 |    21 |   139 |   169 |   375 |   137 ||   883
Dodge: Dodged            |    91 |    39 |   268 |   304 |  1148 |   426 ||  2276
